 Dungeon Crawl Stone Soup version 0.22.1-2-g9c5b331383 (webtiles) character file.

434 McIrco the Shield-Bearer (level 7, -1/52 HPs)
             Began as a Formicid Fighter on Jan 5, 2019.
             Slain by a gnoll sergeant
             ... wielding a +5 spear of piercing
              (12 damage)
             ... on level 5 of the Dungeon.
             The game lasted 00:06:15 (4154 turns).

McIrco the Shield-Bearer (Formicid Fighter)         Turns: 4154, Time: 00:06:15

Health: -1/52      AC:  7    Str: 27    XL:     7   Next: 20%
Magic:  7/7        EV: 10    Int:  8    God:
Gold:   180        SH: 11    Dex: 10    Spells: 6/6 levels left

rFire    . . .     SeeInvis +   a - +0 long sword
rCold    . . .     Gourm    .   c - +0 shield
rNeg     . . .     Faith    .   q - +1 leather armour {MR+}
rPois    .         Spirit   .   (helmet unavailable)
rElec    .         Reflect  .   l - +0 cloak
rCorr    .         Harm     .   j - +0 pair of gloves
MR       +....                  (no boots)
Stlth    +.........             (no amulet)
HPRegen  0.17/turn              (no ring)
MPRegen  0.10/turn              (no ring)

@: mighty
A: permanent stasis, dig shafts and tunnels, four strong arms, antennae 3
a: Dig, Shaft Self


You were on level 5 of the Dungeon.
You were near starving.

You visited 1 branch of the dungeon, and saw 5 of its levels.

You collected 180 gold pieces.

Inventory:

Hand Weapons
 a - a +0 long sword (weapon)
Armour
 b - a +0 scale mail
 c - a +0 shield (worn)
 j - a +0 pair of gloves (worn)
 l - a +0 cloak (worn)
 q - a +1 leather armour of magic resistance (worn)
Scrolls
 e - 2 scrolls of teleportation {unknown}
 g - 2 scrolls of enchant armour {unknown}
 i - a scroll of random uselessness {unknown}
 m - 7 scrolls of remove curse {unknown}
 p - 3 scrolls of identify {unknown}
 r - a scroll of noise {unknown}
 s - 2 scrolls of blinking {unknown}
 u - a scroll of immolation {unknown}
 v - a scroll of fog {unknown}
 y - 2 scrolls of amnesia {unknown}
Potions
 d - a potion of might
 h - a potion of curing {unknown}
 k - 3 potions of magic {unknown}
 n - a potion of invisibility {unknown}
 o - a potion of haste {unknown}
 t - 2 potions of flight {unknown}
 w - a potion of degeneration {unknown}
 x - a potion of lignification {unknown}
 z - a potion of resistance {unknown}
Comestibles
 f - 4 rations


   Skills:
 - Level 3.2 Fighting
 - Level 2.0 Long Blades
 + Level 5.5 Armour
 + Level 7.7 Shields


You had 6 spell levels left.
You didn't know any spells.
Your spell library contained the following spells:

 Spells                   Type           Power        Failure   Level  Hunger
 Beastly Appendage        Tmut           #.....       54%         1    ##.....
 Sticks to Snakes         Tmut           #.......     67%         2    ###....
 Spider Form              Tmut/Pois      #.........   88%         3    ####...
 Ice Form                 Ice/Tmut       #.......     99%         4    #####..
 Blade Hands              Tmut           #.........   100%        5    ######.


Dungeon Overview and Level Annotations

Branches:
Dungeon (5/15)
 Temple: D:4-7

Altars:
Qazlal
Yredelemnul


Innate Abilities, Weirdness & Mutations

You cannot be hasted, slowed, berserked, paralysed or teleported.
You can dig through walls and to a lower floor.
Your four strong arms can wield two-handed weapons with a shield.
You have a pair of large antennae on your head. (SInv)


Message History

You hit the gnoll sergeant but do no damage.
You hear a shout! x2
The gnoll sergeant hits you with a spear of piercing.
The gnoll barely misses you.
A gnoll comes into view. It is wielding a club.
The gnoll sergeant hits you with a spear of piercing.
Unknown command.
You feel very mighty all of a sudden. The gnoll hits you but does no damage.
The gnoll sergeant hits you with a spear of piercing.
You barely miss the gnoll sergeant. You block the gnoll's attack.
A gnoll comes into view.
The gnoll sergeant hits you with a spear of piercing.
* * * LOW HITPOINT WARNING * * *
x2 The gnoll hits you but does no damage.
Unknown command.
You slash the gnoll sergeant!
The gnoll sergeant is heavily wounded.
The gnoll sergeant hits you with a spear of piercing!
You die...

####### #.....#
########.###.####
.........# #.##.#
########.###.##@#
##...........#g#
##.............g#
.....####......#g.#
#............#.g....
##.#####..#.##.###.#.#
#.####....## .# ..
#.>......#.# .# {g#
#.####.#..#.#..


{{g You could see a gnoll sergeant and 3 gnolls.

Vanquished Creatures
  A centaur skeleton (D:4)
  A hound (D:4)
  An orc priest (D:4)
  Crazy Yiuf (D:2)
  A bullfrog skeleton (D:4)
  Natasha (twice) (D:2)
  A worker ant (D:5)
  4 adders (D:2)
  5 gnolls
  A howler monkey skeleton (D:4)
  6 worms
  2 dart slugs (D:2)
  3 leopard geckos
  6 orcs
  7 giant cockroaches
  6 goblins
  14 hobgoblins
  4 jackals (D:1)
  4 quokkas
  2 ball pythons
  8 bats
  7 frilled lizards
  A jackal skeleton (D:4)
  3 kobolds
  10 rats
101 creatures vanquished.

Notes
Turn   | Place    | Note
-------+----------+-------------------------------------------
     0 | D:1      | McIrco the Formicid Fighter began the quest for the Orb.
     0 | D:1      | Reached XP level 1. HP: 18/18 MP: 1/1
    71 | D:1      | Reached skill level 4 in Shields
    71 | D:1      | Reached XP level 2. HP: 20/24 MP: 2/2
   367 | D:1      | Reached XP level 3. HP: 29/29 MP: 3/3
   974 | D:2      | Reached XP level 4. HP: 33/35 MP: 4/4
   978 | D:2      | Found a faded altar of an unknown god.
  1031 | D:2      | Reached skill level 5 in Shields
  1178 | D:2      | Found a runed door.
  1298 | D:2      | Noticed Natasha
  1306 | D:2      | Killed Natasha
  1306 | D:2      | Reached XP level 5. HP: 31/41 MP: 5/5
  1685 | D:2      | Noticed Natasha
  1697 | D:2      | You fall through a shaft for 2 floors!
  1973 | D:4      | Reached skill level 6 in Shields
  2013 | D:4      | Reached XP level 6. HP: 35/47 MP: 6/6
  2244 | D:4      | Reached skill level 5 in Armour
  2585 | D:4      | Reached skill level 7 in Shields
  3022 | D:4      | Found a stormy altar of Qazlal.
  3119 | D:3      | Found a basalt altar of Yredelemnul.
  3580 | D:2      | Killed Natasha
  3580 | D:2      | Reached XP level 7. HP: 36/52 MP: 7/7
  3788 | D:2      | Noticed Crazy Yiuf
  3795 | D:2      | Killed Crazy Yiuf
  4096 | D:5      | Entered Level 5 of the Dungeon
  4154 | D:5      | Slain by a gnoll sergeant

Skill      XL: |  1  2  3  4  5  6 |
---------------+-------------------+-----
Shields        | 4 5 6 7 |  7.7
Armour         | 4 5 |  5.5
Fighting       | |  3.2
Long Blades    | |  2.0

Action                   |  1- 3 |  4- 6 |  7- 9 || total
-------------------------+-------+-------+-------++-------
Melee: Long sword        |   133 |   191 |    18 ||   342
 Abil: Shaft Self        |       |     1 |       ||     1
       Dig               |       |       |     1 ||     1
  Use: Potion            |       |       |     1 ||     1
  Eat: Chunk             |       |    10 |       ||    10
Armor: Scale mail        |    72 |       |       ||    72
       Leather armour    |     3 |    42 |     4 ||    49
Dodge: Dodged            |    71 |    70 |     5 ||   146
Block: Shield            |    69 |   100 |     9 ||   178
       Rpst.: Long sword |    20 |    28 |       ||    48
